 Dungeon Crawl Stone Soup version 0.28.0 (webtiles) character file.

Game seed: 7492256900723491916

32 Sharkman1231 the Sneak (level 3, -2/29 HPs)
             Began as a Demonspawn Delver on Feb 6, 2022.
             Slain by a phantom (5 damage)
             ... on level 5 of the Dungeon.
             The game lasted 00:01:56 (1309 turns).

Sharkman1231 the Sneak (Demonspawn Delver)          Turns: 1309, Time: 00:01:57

Health: -2/29      AC:  3    Str: 18    XL:     3   Next: 8%
Magic:  3/3        EV: 12    Int: 11    God:
Gold:   60         SH:  0    Dex: 16    Spells: 2/2 levels left

rFire   . . .      SeeInvis .   a - +2 whip of the Imperium {freeze, Str+6}
rCold   . . .      Faith    .   (no shield)
rNeg    . . .      Spirit   .   j - +0 leather armour
rPois   .          Reflect  .   (helmet restricted)
rElec   .          Harm     .   (no cloak)
rCorr   .          Rampage  .   (no gloves)
Will    .....                   (no boots)
Stlth   +++.......              (no amulet)
HPRegen 0.09/turn               (no ring)
MPRegen 0.16/turn               (no ring)

@: no status effects
A: antennae 1, magic regeneration
a: no special abilities


You were on level 5 of the Dungeon.
You visited 1 branch of the dungeon, and saw 3 of its levels.

You collected 60 gold pieces.

Inventory:

Hand Weapons
 a - the +2 whip of the Imperium (weapon) {freeze, Str+6}
   (You found it on level 5 of the Dungeon)

   It freezes those it strikes, dealing additional cold damage.
   It can also slow down cold-blooded creatures.
   Str:       It affects your strength (+6).
 b - a +0 fustibalus
 i - a +0 falchion
Armour
 j - a +0 leather armour (worn)
Wands
 g - a wand of digging (3)
Scrolls
 c - 2 scrolls of fog
 d - a scroll of magic mapping
 e - a scroll of fear
 h - 2 scrolls of identify {unknown}
 k - a scroll of enchant armour {unknown}
 l - 2 scrolls of vulnerability {unknown}
 m - a scroll of brand weapon {unknown}
 n - a scroll of enchant weapon {unknown}
Potions
 f - a potion of haste
 o - a potion of attraction {unknown}


   Skills:
 + Level 3.2 Fighting
 - Level 1.7 Long Blades
 * Level 1.3 Maces & Flails
 + Level 0.8 Slings
 + Level 2.1 Dodging
 + Level 4.7 Stealth


You had 2 spell levels left.
You didn't know any spells.
Your spell library was empty.

Dungeon Overview and Level Annotations

Branches:
Dungeon (5/15)
 Temple: D:4-7

Altars:
Zin
The Shining One

Shops:
D:4 [

Annotations:
D:4 Edmund, Eustachio
D:5 exclusion: zombie


Innate Abilities, Weirdness & Mutations

You have a pair of small antennae on your head.
You regenerate magic rapidly.


Message History

The stone hits the phantom but does no damage.
The phantom is moderately damaged.
The phantom closely misses you. The phantom hits you.
You shoot a stone. The stone barely misses the phantom.
The phantom closely misses you.
You shoot a stone.
The stone hits the phantom but does no damage.
The phantom is moderately damaged.
The phantom hits you.
The phantom blinks!
You blink.
You shoot a stone. The stone barely misses the phantom.
The phantom barely misses you.
The phantom hits you but does no damage.
You shoot a stone.
The stone hits the phantom but does no damage.
The phantom is moderately damaged.
The phantom misses you.
You shoot a stone. The stone closely misses the phantom.
The phantom barely misses you. The phantom hits you.
You feel stronger.
The +2 whip of the Imperium {freeze, Str+6} glows with a cold blue light!
a - the +2 whip of the Imperium (weapon)
{freeze, Str+6} You see here a stone.
The phantom misses you. The phantom misses you.
You barely miss the phantom.
The phantom is lightly damaged.
The phantom hits you. The phantom hits you!
* * * LOW HITPOINT WARNING * * *
The phantom blinks!
You blink.
You hit the phantom.
The phantom is moderately damaged.
The phantom closely misses you.
You miss the phantom.
The phantom is moderately damaged.
The phantom hits you.
* * * LOW HITPOINT WARNING * * *
The phantom blinks!
You blink.
The phantom hits you.
You die...

≈.....≈.# #.# #.# ≈.≈≈≈.≈.#
#.# #.# ≈≈...≈≈.# #.# #.#
≈≈._.≈≈.# #.###.#
≈≈...≈≈.#+### #...#.#
≈.≈≈≈.≈.#...############.#.#
≈.....≈.#...'............#.#
.≈≈≈≈≈..#...##############.#
########....# #@...§....#.#
..# #.....# #W#######.#.#
..# #.....# #.# #.#.# ..#
#.....# #.# #.#.# ###
#.....# #.# #.#.# #.....#
#.# #.#.# ####### #.# #.#.#
#.# #.#.# ####.## #.#.#


You could see a phantom.

Vanquished Creatures
  2 adders (D:4)
  An ufetubus (D:5)
  An orc (D:4)
  A ball python (D:4)
  An endoplasm (D:4)
  A goblin (D:4)
  A quokka (D:4)
  A rat (D:4)
9 creatures vanquished.

Vanquished Creatures (others)
  An orc (D:4)
  3 plants (D:4)
4 creatures vanquished.

Grand Total: 13 creatures vanquished

Notes
Turn   | Place    | Note
-------+----------+-------------------------------------------
     0 | D:5      | Sharkman1231 the Demonspawn Delver began the quest for the
                  | Orb.
     0 | D:5      | Reached XP level 1. HP: 18/18 MP: 1/1
   138 | D:5      | Identified the +2 whip of the Imperium {freeze, Str+6}
   206 | D:5      | Noticed a black bear
   493 | D:4      | Gained mutation: You have a pair of small antennae on your
                  | head. [demonic ancestry]
   493 | D:4      | Reached XP level 2. HP: 24/24 MP: 2/2
   574 | D:4      | Reached skill level 1 in Maces & Flails
   644 | D:4      | Found Ycezura's Antique Armour Shoppe.
   709 | D:4      | Gained mutation: You regenerate magic rapidly. [demonic
                  | ancestry]
   709 | D:4      | Reached XP level 3. HP: 20/29 MP: 3/3
   962 | D:4      | Noticed Eustachio
   963 | D:4      | Noticed Edmund
  1224 | D:5      | Noticed a phantom
  1309 | D:5      | Slain by a phantom

Illustrated notes

Levels and vault maps discovered:
D:3:      layout_rooms, mainiacjoe_overflow_24_doors, uniq_terence
D:4:      layout_loops_ring, mainiacjoe_overflow_catwalk,
          nicolae_kikubaaqudgha_miasma_corner, serial_shops, shop_fountains,
          sigmund_edmund_badplayer, uniq_eustachio
D:5:      layout_basic, mainiacjoe_overflow_paths,
          nicolae_tso_swordbearing_angel, corexii_item_surrounded_by_moat

Skill      XL: |  1  2 |
---------------+-------+-----
Maces & Flails | 1 |  1.3
Dodging        | 2 |  2.1
Fighting       | |  3.2
Long Blades    | |  1.7
Slings         | |  0.8
Stealth        | |  4.7

Action                   || total
-------------------------++-------
Melee: Whip              ||    35
 Fire: Fustibalus        ||    11
 Stab: Sleeping          ||     1
Armor: Leather armour    ||     8
Dodge: Dodged            ||    43
